 Dungeon Crawl Stone Soup version 0.31-a0-799-g6bc09d010c (webtiles) character file.

Game seed: 15908380063760850419

16 Bravepunisher the Ducker (level 2, -1/16 HPs)
             Began as a Spriggan Monk on Sept 19, 2023.
             Killed from afar by Maggie (17 damage)
             ... with a bolt of fire
             ... on level 6 of the Dungeon.
             The game lasted 00:03:13 (892 turns).

Bravepunisher the Ducker (Spriggan Monk)             Turns: 892, Time: 00:03:14

Health: -1/16      AC:  2    Str:  7    XL:     2   Next: 41%
Magic:  3/3        EV: 19    Int: 11    God:
Gold:   99         SH:  0    Dex: 17    Spells: 1/1 levels left

rFire   . . .        a - +0 short sword
rCold   . . .        d - orb {light}
rNeg    . . .        b - +0 robe
rPois   .            (helmet restricted)
rElec   .            (no cloak)
rCorr   .            (gloves unavailable)
SInv    +            (boots unavailable)
Will    +....        (no amulet)
Stlth   +            (no ring)
HPRegen 0.22/turn    (no ring)
MPRegen 0.08/turn

%: no passive effects
@: confused, ambrosia-drunk, enlightened, flying, mesmerised, glowing, very
quick
A: very small, no large weapons, unfitting armour, see invisible, speed 3
a: no special abilities


You were on level 6 of the Dungeon.
You visited 1 branch of the dungeon, and saw 7 of its levels.

You collected 99 gold pieces.

Inventory:

Hand Weapons
 a - a +0 short sword (weapon)
Missiles
 g - 6 boomerangs
Armour
 b - a +0 robe (worn)
 d - an orb of light (worn)
Scrolls
 i - a scroll of identify


   Skills:
 * Level 2.9 Fighting
 - Level 3.2 Short Blades
 + Level 4.4 Dodging


You had one spell level left.
You didn't know any spells.
Your spell library was empty.

Dungeon Overview and Level Annotations

Branches:
Dungeon (7/15)
 Temple: D:4-7

Altars:
Elyvilon
Xom

Shops:
D:6 *

Annotations:
D:2 Terence
D:4 1 transporter, ratmeat3's ghost, amateur FoFi
D:5 1 runed translucent door
D:6 Maggie


Innate Abilities, Weirdness & Mutations

You are very small and have problems with some larger weapons.
You are too small for most types of armour.
You have supernaturally acute eyesight. (SInv)
You cover ground extremely quickly. (Speed+++)


Message History

It is a scroll of identify.
You don't currently have any unidentified items.
Maggie mumbles some strange words.
Maggie draws you further into her thrall.
Your orc is engulfed in poison gas.
Your orc looks even sicker.
You kill your orc!
Your orc's corpse dissolves into shadows!
Your orc wizard is engulfed in poison gas.
Your orc wizard looks even sicker.
Your orc wizard hits Maggie with a +0 dagger.
Your orc is engulfed in poison gas.
Your orc looks even sicker.
You kill your orc!
Your orc's corpse dissolves into shadows!
Your orc priest is engulfed in poison gas.
Your orc priest looks even sicker.
Your orc is engulfed in poison gas.
Your orc looks even sicker.
You kill your orc!
Your orc's corpse dissolves into shadows!
Your black bear is engulfed in poison gas.
Your black bear looks even sicker.
Your orc wizard is engulfed in poison gas.
Your orc wizard looks even sicker.
Your orc wizard is engulfed in poison gas.
Your orc wizard looks even sicker.
Your ogre looks even sicker.
Your orc is engulfed in poison gas.
Your orc looks even sicker.
You kill your orc!
Your orc's corpse dissolves into shadows!
You are confused.
You feel invigorated.
Maggie points at you and mumbles some strange words.
The bolt of fire hits your orc wizard!!
Your orc wizard dies!
Your orc wizard's corpse dissolves into shadows!
The bolt of fire hits you!
Ouch! That really hurt!
You die...

§§§ §§§ §J§ #§# #§#
#@# # ##§## #.##
##O@o## ...#
##§hoo§###. D..
##§§§§§§§##.### #.##
#§§§§§§§§§#.##.. #...
+§§§§§§§§§+.....#####.
#§§§§§§§§§#.# ...#...
##§§§§§§§##.# #.#.##
##§§§§§###.#####...#
##...####.h...h..##


You could see Maggie (mesmerising, ally target), a jelly, a friendly black bear
(summoned, very poisoned), a friendly ogre (summoned, very poisoned), a friendly
orc priest (summoned, very poisoned) and 2 friendly orc wizards.

Vanquished Creatures
  An adder (D:6)
  An orc (D:6)
  A ball python (D:1)
  2 bats
  A giant cockroach (D:1)
  A rat (D:1)
7 creatures vanquished.

Vanquished Creatures (others)
  A black bear (D:6)
  A howler monkey (D:6)
  A hound (D:6)
  An orc wizard (D:6)
4 creatures vanquished.

Grand Total: 11 creatures vanquished

Notes
Turn   | Place    | Note
-------+----------+-------------------------------------------
     0 | D:1      | Bravepunisher the Spriggan Monk began the quest for the
                  | Orb.
     0 | D:1      | Reached XP level 1. HP: 11/11 MP: 2/2
   212 | D:2      | Noticed Terence
   367 | D:4      | Found a transporter.
   367 | D:4      | Noticed ratmeat3's ghost (amateur FoFi)
   372 | D:4      | Noticed a wight
   388 | D:5      | Entered Level 5 of the Dungeon
   401 | D:5      | Noticed a hound
   424 | D:5      | Found a white marble altar of Elyvilon.
   439 | D:5      | Noticed an iguana
   450 | D:5      | Noticed an iguana
   458 | D:5      | Noticed an ogre
   470 | D:5      | Found a runed translucent door.
   563 | D:6      | Found Vaoxtul's Assorted Antiques.
   738 | D:6      | Reached XP level 2. HP: 8/16 MP: 3/3
   775 | D:6      | Found a shimmering altar of Xom.
   775 | D:6      | Noticed a wight
   775 | D:6      | Noticed a scorpion
   776 | D:6      | Noticed a wight
   776 | D:6      | Noticed a black bear
   777 | D:6      | Noticed a howler monkey
   790 | D:6      | Killed a howler monkey
   793 | D:6      | Noticed a steam dragon
   794 | D:6      | Killed a black bear
   847 | D:7      | Noticed a bullfrog
   886 | D:6      | Noticed Maggie
   892 | D:6      | Killed from afar by Maggie

Illustrated notes

Levels and vault maps discovered:
D:1:      tarquinn_simple_flora_water_d, layout_basic,
          nicolae_ecumenical_snake_handling
D:2:      layout_basic, uniq_robin, uniq_terence
D:3:      layout_basic
D:4:      layout_loops_ring, hellmonk_okawaru_the_only_friend_you_need,
          minmay_temple_entry_glass, gammafunk_ghost_mausoleum, minmay_circle_x
D:5:      layout_cave_pools, mainiacjoe_overflow_boulevard,
          ebering_ghost_sewer_d, serial_shops, nicolae_shop_real_fake_doors
D:6:      layout_loops_corners, xom_confusion_cloud, serial_shops,
          nicolae_shop_tiny_real_fake_doors, solitary_fountain, minivault_25,
          uniq_grinder, uniq_maggie
D:7:      minmay_octagon_keep, layout_rooms

Action                     || total
---------------------------++-------
  Melee: Short sword       ||    31
    Use: Scroll            ||     3
         Potion            ||     2
 Armour: Robe              ||    12
  Dodge: Dodged            ||    35

Table legend: (Time is in decaauts)
 A = Elapsed time spent in this place.
 B = Non-inter-level travel time spent in this place.
 C = Inter-level travel time spent in this place.
 D = Time resting spent in this place.
 E = Time spent auto-exploring this place.
 F = Levels seen in this place.
 G = Mean time per level.
                   A        B        C        D        E       F      G
               +--------+--------+--------+--------+--------+-----+--------+
         Total |    580 |    580 |      0 |      0 |    294 |   7 |   82.9 |
       Dungeon |    580 |    580 |      0 |      0 |    294 |   7 |   82.9 |
               +--------+--------+--------+--------+--------+-----+--------+

Top non-repeatable levels by time:
     D:6: 235 daAuts
     D:1: 117 daAuts
     D:2: 61 daAuts
     D:5: 59 daAuts
     D:3: 54 daAuts
     D:7: 39 daAuts
     D:4: 14 daAuts
